 Dungeon Crawl Stone Soup version 0.30-a0-755-g0b50240ab4 (webtiles) character file.

Game seed: 15300703641767589869

93 Ijustatesigmund the Magician (level 4, -1/24 HPs)
             Began as a Deep Elf Hedge Wizard on Feb 9, 2023.
             Slain by a black bear (6 damage)
             ... on level 3 of the Dungeon.
             The game lasted 00:06:24 (2540 turns).

Ijustatesigmund the Magician (DEHW)                 Turns: 2540, Time: 00:06:25

Health: -1/24      AC:  3    Str:  7    XL:     4   Next: 37%
Magic:  6/13       EV: 13    Int: 21    God:
Gold:   156        SH:  5    Dex: 14    Spells: 9/14 levels left

rFire   . . .      SeeInvis .    a - +1 dagger (drain)
rCold   . . .      Faith    .    (no shield)
rNeg    . . .      Spirit   .    b - +0 robe
rPois   .          Reflect  +    c - +1 hat
rElec   .          Harm     .    (no cloak)
rCorr   .          Rampage  .    (no gloves)
Will    .....                    (no boots)
Stlth   ++                       e - amulet of reflection
HPRegen 0.24/turn                (no ring)
MPRegen 0.13/turn                (no ring)

@: studying Long Blades
A: no striking features
a: no special abilities


You were on level 3 of the Dungeon.
You visited 1 branch of the dungeon, and saw 3 of its levels.

You collected 156 gold pieces.

Inventory:

Hand Weapons
 a - a +1 dagger of draining (weapon)
 i - a +0 sling
Armour
 b - a +0 robe (worn)
 c - a +1 hat (worn)
Magical Staves
 j - a staff of cold
Jewellery
 e - an amulet of reflection (around neck)
Potions
 d - a potion of magic
 f - 3 potions of flight {unknown}
 g - a potion of brilliance {unknown}
 h - 5 potions of curing
 k - a potion of heal wounds {unknown}
 l - a potion of ambrosia {unknown}
 n - a potion of cancellation {unknown}


   Skills:
 - Level 3.2 Dodging
 - Level 2.4 Stealth
 + Level 5.7 Spellcasting
 + Level 3.0 Conjurations
 - Level 1.1 Summonings
 + Level 1.1 Translocations
 + Level 0.0 Air Magic
 + Level 0.0 Poison Magic


You had 9 spell levels left.
You knew the following spells:

 Your Spells              Type           Power      Damage    Failure   Level
a - Magic Dart            Conj           72%        1d6       3%          1
b - Blink                 Tloc           20%        N/A       10%         2
c - Poisonous Vapours     Pois/Air       12%        N/A       16%         2

Your spell library contained the following spells:

 Spells                   Type           Power      Damage    Failure   Level
 Slow                     Hex            24%        N/A       10%         1
 Sting                    Tmut/Pois      24%        1d4       10%         1
 Call Imp                 Summ           10%        N/A       10%         2
 Cigotuvi's Dreadful Rot  Necr/Pois/Air  12%        N/A       16%         2
 Mephitic Cloud           Conj/Pois/Air  10%        N/A       21%         3
 Olgreb's Toxic Radiance  Pois           6%         N/A       69%         4


Dungeon Overview and Level Annotations

Branches:
Dungeon (3/15)

Altars:
Hepliaklqana
Makhleb
Ru
The Shining One

Annotations:
D:2 Robin, Sigmund


Message History

Aim: a black bear (moderately wounded, 100% to hit)
The magic dart hits the black bear.
The black bear is heavily wounded.
Casting: Magic Dart (safe; 3% risk of failure)
Confirm with . or Enter, or press ? or * to list all spells.
Aiming: Magic Dart (safe; 3% risk of failure)
Press: ? - help, Shift-Dir - straight line, f/p - black bear
Aim: a black bear (heavily wounded, 100% to hit)
The magic dart hits the black bear.
The black bear is heavily wounded.
The black bear closely misses you. x2; The black bear misses you.
Casting: Magic Dart (safe; 3% risk of failure)
Confirm with . or Enter, or press ? or * to list all spells.
Aiming: Magic Dart (safe; 3% risk of failure)
Press: ? - help, Shift-Dir - straight line, f/p - black bear
Aim: a black bear (heavily wounded, 100% to hit)
The magic dart hits the black bear.
The black bear is severely wounded.
The black bear bites you!
The black bear claws you but does no damage.
The black bear barely misses you.
Casting: Magic Dart (safe; 3% risk of failure)
Confirm with . or Enter, or press ? or * to list all spells.
Aiming: Magic Dart (safe; 3% risk of failure)
Press: ? - help, Shift-Dir - straight line, f/p - black bear
Aim: a black bear (severely wounded, 100% to hit)
The magic dart hits the black bear.
The black bear is severely wounded.
The black bear goes berserk!
Casting: Magic Dart (safe; 3% risk of failure)
Confirm with . or Enter, or press ? or * to list all spells.
Aiming: Magic Dart (safe; 3% risk of failure)
Press: ? - help, Shift-Dir - straight line, f/p - black bear
Aim: a black bear (severely wounded, berserk, 100% to hit)
The magic dart hits the black bear but does no damage.
The black bear is severely wounded.
The black bear bites you! The black bear claws you.
* * * LOW HITPOINT WARNING * * *
The black bear claws you.
You die...

####.....#...#
#.......##.##
####+......##.###
#...###...#.....#
#._.####.##.#.#.########
#...#..................#
#≈≈≈####.##.#.#.######.#
#...# #.##.....# #._.#
#.####@### ###...# #.#
#h# #.'#### #.# #.#
#..##.# #.# #.# #.###.##
#........# #......#
##........h. ##.###..#
#.##.##.###.# ...# #..#
#.##. .# ##.# #..#
#.##.# .### #


You could see a black bear (berserk).

Vanquished Creatures
  A hound (D:3)
  An adder (D:3)
  A worm (D:2)
  A dart slug (D:3)
  An orc (D:2)
  7 ball pythons
  3 bats
  3 endoplasms
  4 giant cockroaches
  7 goblins
  3 hobgoblins
  2 jackals (D:2)
  4 frilled lizards
  4 kobolds
  3 rats (D:1)
45 creatures vanquished.

Vanquished Creatures (others)
  17 plants (D:2)
17 creatures vanquished.

Grand Total: 62 creatures vanquished

Notes
Turn   | Place    | Note
-------+----------+-------------------------------------------
     0 | D:1      | Ijustatesigmund the Deep Elf Hedge Wizard began the quest
                  | for the Orb.
     0 | D:1      | Reached XP level 1. HP: 10/10 MP: 7/7
   341 | D:1      | Reached XP level 2. HP: 15/15 MP: 3/9
   344 | D:1      | Learned a level 2 spell: Blink
  1165 | D:2      | Found a hazy altar of Hepliaklqana.
  1348 | D:2      | Noticed Robin
  1362 | D:2      | Reached skill level 5 in Spellcasting
  1362 | D:2      | Reached XP level 3. HP: 11/19 MP: 1/11
  1457 | D:2      | Noticed Sigmund
  1539 | D:3      | Found a sacrificial altar of Ru.
  2147 | D:3      | Found a burning altar of Makhleb.
  2147 | D:3      | Found a glowing golden altar of the Shining One.
  2338 | D:3      | Reached XP level 4. HP: 13/24 MP: 1/13
  2511 | D:3      | Learned a level 2 spell: Poisonous Vapours
  2529 | D:3      | Noticed a black bear
  2540 | D:3      | Slain by a black bear

Illustrated notes

Levels and vault maps discovered:
D:1:      zaba_arrival_water, layout_basic
D:2:      layout_loops_ring, basic_altar, serial_bayou, serial_bayou_pond_a,
          serial_bayou_pond_a, serial_bayou_pond_d, serial_bayou_pond_a,
          minmay_distorted, uniq_sigmund, uniq_crazy_yiuf_cottage, uniq_robin
D:3:      layout_loops_ring, amcnicky_altar_gilded,
          mainiacjoe_overflow_divided_tiny, kennysheep_orc_chapel

Skill      XL: |  1  2  3 |
---------------+----------+-----
Dodging        | 3 |  3.2
Conjurations   | 2 3 |  3.0
Spellcasting   | 5 |  5.7
Stealth        | |  2.4
Summonings     | |  1.1
Translocations | |  1.1

Action                     |  1- 3 |  4- 6 || total
---------------------------+-------+-------++-------
  Melee: Dagger            |     1 |       ||     1
   Fire: Sling             |     9 |       ||     9
   Cast: Magic Dart        |   124 |     9 ||   133
         Blink             |     1 |       ||     1
    Use: Scroll            |     3 |     1 ||     4
   Stab: Sleeping          |     1 |       ||     1
 Armour: Robe              |     9 |     1 ||    10
  Dodge: Dodged            |    37 |     4 ||    41
  Block: Other             |    17 |       ||    17

Table legend: (Time is in decaauts)
 A = Elapsed time spent in this place.
 B = Non-inter-level travel time spent in this place.
 C = Inter-level travel time spent in this place.
 D = Time resting spent in this place.
 E = Time spent auto-exploring this place.
 F = Levels seen in this place.
 G = Mean time per level.
                   A        B        C        D        E       F      G
               +--------+--------+--------+--------+--------+-----+--------+
         Total |   2547 |   2494 |     53 |    971 |   1199 |   3 |  849.0 |
       Dungeon |   2547 |   2494 |     53 |    971 |   1199 |   3 |  849.0 |
               +--------+--------+--------+--------+--------+-----+--------+

Top non-repeatable levels by time:
     D:1: 1176 daAuts
     D:3: 815 daAuts
     D:2: 555 daAuts
